Workbook
Name \A: #REF!
Name \B: #REF!
Name \C: #REF!
Name \M: #REF!
Name \N: #REF!
Name \P: #REF!
Name \R: #REF!
Name \U: #REF!
Name \V: #REF!
Name ab: #REF!
Name Excel_BuiltIn_Print_Titles: #REF!
Name Excel_BuiltIn_Recorder: #REF!
Name hh: #REF!
Name logo1: "Picture 7"
Name TEST: #REF!
Name Z_237D8718_39ED_4FFE_B3B2_D1192F8D2E87__wvu_Cols: 'Attach 12'!$G:$H
Name Z_237D8718_39ED_4FFE_B3B2_D1192F8D2E87__wvu_Cols: 'Attach 5'!$H:$H
Name Z_237D8718_39ED_4FFE_B3B2_D1192F8D2E87__wvu_Cols: 'Attach 8'!$I:$U
Name Z_237D8718_39ED_4FFE_B3B2_D1192F8D2E87__wvu_Cols: 'Comm.Deviation Sch.'!$H:$H
Name Z_237D8718_39ED_4FFE_B3B2_D1192F8D2E87__wvu_Cols: 'Genl.Infor.'!$H:$H
Name Z_237D8718_39ED_4FFE_B3B2_D1192F8D2E87__wvu_Cols: 'Names of Bidder'!$A:$A
Name Z_237D8718_39ED_4FFE_B3B2_D1192F8D2E87__wvu_Cols: 'Tech.Dev.Sch.'!$H:$H
Name Z_237D8718_39ED_4FFE_B3B2_D1192F8D2E87__wvu_PrintArea: 'Attach 10'!$A$1:$E$28
Name Z_237D8718_39ED_4FFE_B3B2_D1192F8D2E87__wvu_PrintArea: 'Attach 11'!$A$1:$E$60
Name Z_237D8718_39ED_4FFE_B3B2_D1192F8D2E87__wvu_PrintArea: 'Attach 12'!$A$1:$E$35
Name Z_237D8718_39ED_4FFE_B3B2_D1192F8D2E87__wvu_PrintArea: 'Attach 13'!$A$1:$E$29
Name Z_237D8718_39ED_4FFE_B3B2_D1192F8D2E87__wvu_PrintArea: 'Attach 14'!$A$1:$E$29
Name Z_237D8718_39ED_4FFE_B3B2_D1192F8D2E87__wvu_PrintArea: 'Attach 16'!$A$1:$L$82
Name Z_237D8718_39ED_4FFE_B3B2_D1192F8D2E87__wvu_PrintArea: 'Attach 17'!$A$1:$E$29
Name Z_237D8718_39ED_4FFE_B3B2_D1192F8D2E87__wvu_PrintArea: 'Attach 3(JV)'!$A$1:$E$28
Name Z_237D8718_39ED_4FFE_B3B2_D1192F8D2E87__wvu_PrintArea: 'Attach 4 (A)'!$A$1:$E$31
Name Z_237D8718_39ED_4FFE_B3B2_D1192F8D2E87__wvu_PrintArea: 'Attach 4 (B)'!$A$1:$E$26
Name Z_237D8718_39ED_4FFE_B3B2_D1192F8D2E87__wvu_PrintArea: 'Attach 5'!$A$1:$E$75
Name Z_237D8718_39ED_4FFE_B3B2_D1192F8D2E87__wvu_PrintArea: 'Attach 7'!$A$1:$E$28
Name Z_237D8718_39ED_4FFE_B3B2_D1192F8D2E87__wvu_PrintArea: 'Attach 8'!$A$1:$E$35
Name Z_237D8718_39ED_4FFE_B3B2_D1192F8D2E87__wvu_PrintArea: 'Bid Form 1st Envelope'!$A$1:$F$96
Name Z_237D8718_39ED_4FFE_B3B2_D1192F8D2E87__wvu_PrintArea: 'Check List'!$A$1:$E$43
Name Z_237D8718_39ED_4FFE_B3B2_D1192F8D2E87__wvu_PrintArea: 'Comm.Deviation Sch.'!$A$1:$E$52
Name Z_237D8718_39ED_4FFE_B3B2_D1192F8D2E87__wvu_PrintArea: 'e-Form'!$A$1:$N$51
Name Z_237D8718_39ED_4FFE_B3B2_D1192F8D2E87__wvu_PrintArea: 'Ex-employees details'!$A$1:$E$28
Name Z_237D8718_39ED_4FFE_B3B2_D1192F8D2E87__wvu_PrintArea: 'Genl.Infor.'!$A$1:$E$46
Name Z_237D8718_39ED_4FFE_B3B2_D1192F8D2E87__wvu_PrintArea: 'Names of Bidder'!$B$1:$D$20
Name Z_237D8718_39ED_4FFE_B3B2_D1192F8D2E87__wvu_PrintArea: QR!$A$1:$E$28
Name Z_237D8718_39ED_4FFE_B3B2_D1192F8D2E87__wvu_PrintArea: 'Social Accountablity '!$A$1:$E$24
Name Z_237D8718_39ED_4FFE_B3B2_D1192F8D2E87__wvu_PrintArea: 'Tech.Dev.Sch.'!$A$1:$E$53
Name Z_237D8718_39ED_4FFE_B3B2_D1192F8D2E87__wvu_PrintTitles: 'Attach 12'!$18:$18
Name Z_237D8718_39ED_4FFE_B3B2_D1192F8D2E87__wvu_PrintTitles: 'Check List'!$18:$18
Name Z_237D8718_39ED_4FFE_B3B2_D1192F8D2E87__wvu_Rows: 'Attach 5'!$27:$32
Name Z_237D8718_39ED_4FFE_B3B2_D1192F8D2E87__wvu_Rows: 'Attach 8'!$30:$35
Name Z_237D8718_39ED_4FFE_B3B2_D1192F8D2E87__wvu_Rows: 'Bid Form 1st Envelope'!$23:$24
Name Z_42A4182C_E7B3_497E_AD09_43B7725F335A__wvu_Cols: 'Attach 12'!$G:$H
Name Z_42A4182C_E7B3_497E_AD09_43B7725F335A__wvu_Cols: 'Attach 5'!$H:$H
Name Z_42A4182C_E7B3_497E_AD09_43B7725F335A__wvu_Cols: 'Attach 8'!$I:$U
Name Z_42A4182C_E7B3_497E_AD09_43B7725F335A__wvu_Cols: 'Comm.Deviation Sch.'!$H:$H
Name Z_42A4182C_E7B3_497E_AD09_43B7725F335A__wvu_Cols: 'Genl.Infor.'!$H:$H
Name Z_42A4182C_E7B3_497E_AD09_43B7725F335A__wvu_Cols: 'Names of Bidder'!$A:$A
Name Z_42A4182C_E7B3_497E_AD09_43B7725F335A__wvu_Cols: 'Tech.Dev.Sch.'!$H:$H
Name Z_42A4182C_E7B3_497E_AD09_43B7725F335A__wvu_PrintArea: 'Attach 10'!$A$1:$E$28
Name Z_42A4182C_E7B3_497E_AD09_43B7725F335A__wvu_PrintArea: 'Attach 11'!$A$1:$E$60
Name Z_42A4182C_E7B3_497E_AD09_43B7725F335A__wvu_PrintArea: 'Attach 12'!$A$1:$E$35

Sheet Basic
A1: Name of Package : | B1: EMPANELMENT OF TRANSPORT AGENCIES FOR DAY-TO-DAY HIRING OF VEHICLES AT CORPORATE CENTRE, GURGAON
A2: Rfx No. : | B2: 5002005726
A3: Specification No. : | B3: CC/NT/S-VHCLE/DOM/A17/26/13660
A5: Completion Period | B5: 2 | C5: Years

Sheet Cover
A1: : Attachments : | B1: General guidelines for filling up the Attachments | F1: =Basic!B1 -> EMPANELMENT OF TRANSPORT AGENCIES FOR DAY-TO-DAY HIRING OF VEHICLES AT CORPORATE CENTRE, GURGAON
B2: =Basic!B1 -> EMPANELMENT OF TRANSPORT AGENCIES FOR DAY-TO-DAY HIRING OF VEHICLES AT CORPORATE CENTRE, GURGAON
B3: =Basic!B3 -> CC/NT/S-VHCLE/DOM/A17/26/13660
B4: 1 | C4: Fill up only green shaded cells in the relevent attachments.
B5: 2 | C5: Attachments Names of Bidder, Deviation Schedule II, Check List, Social Accountability Details, Ex-Employee Details & E-Payment Details (All Bid Forms for 1st Envelope are included here).
B6: 3 | C6: Bid Security : To be submitted as per proforma provided in the bidding document.

Sheet Names of Bidder
B1: =Basic!$B$1 -> EMPANELMENT OF TRANSPORT AGENCIES FOR DAY-TO-DAY HIRING OF VEHICLES AT CORPORATE CENTRE, GURGAON
B2: ='Check List'!$A$1 -> ENQUIRY NO.: CC/NT/S-VHCLE/DOM/A17/26/13660 | X2: Individual Firm | Y2: 1
X3: Licensee of a Manufacturer | Y3: 2
B4: Enter following details of the bidder | X4: Representative of a Manufacturer
X5: Joint Venture
B6: Specify type of Bidder [Select from drop down menu] | D6: Individual Firm | X6: =IF(D6="Sole Bidder",0,#REF!) -> #REF!
B8: =IF(D6="Individual Firm","Name of Sole Bidder [Individual Firm]",IF(D6="Licensee of a Manufacturer","Name of Bidder [Licensee]",IF(D6="Representative of a Manufacturer","Name of Bidder [Authorised Representative]","Name of Lead Partner"))) -> Name of Lead Partner
B9: Address of Registered Office
B13: =IF(D6="Individual Firm","",IF(D6="Licensee of a Manufacturer","Name of Manufacturer [Licenser]",IF(D6="Representative of a Manufacturer","Name of Manufacturer","Name of Other Partner"))) -> Name of Other Partner
B14: Address
Y17: 41974
B18: Printed Name | Y18: 42705
B19: Designation
B21: Date
B22: Place

Sheet Check List
A1: ="ENQUIRY NO.: "&Basic!$B$3 -> ENQUIRY NO.: CC/NT/S-VHCLE/DOM/A17/26/13660
A3: =Basic!$B$1 -> EMPANELMENT OF TRANSPORT AGENCIES FOR DAY-TO-DAY HIRING OF VEHICLES AT CORPORATE CENTRE, GURGAON
A5: CHECK LIST
A7: Bidder's Name and Address (Lead Partner) : | E7: To,
A8: ='Attach 3(JV)'!A8 | E8: Corporate Materials Management Deptt.
A9: Name : | E9: Power Grid Corporation of India Ltd.
A10: Address : | E10: "Saudamani", Plot No.-2, Sector-29
E11: Gurgaon (Haryana) -122001
A13: E-Mail
A15: Dear Sir,
A16: NOTE: Bidders are requested to fill in the following details and no column should be left blank :
A18: Sl. No. | B18: Description
A19: 1 | B19: Name and designation of the Official of the tenderer to whom all the references shall be made:
A20: 2 | B20: Specification No. | E20: =Basic!$B$3 -> CC/NT/S-VHCLE/DOM/A17/26/13660
A21: 3 | B21: Validity of offer/rates quoted for six months from the date of Opening of Tender | E21: 06 Months
A22: 4 | B22: Whether following documents enclosed:
A23: a) | B23: Audited balance sheet for last five years.
A24: b) | B24: Copy of Partnership deed or Article of Association or Ownership Certificate
A25: c) | B25: Copy of Service tax Registration
A26: d) | B26: Qualifying Requirements- SCHEDULE -QR
A27: e) | B27: Commercial Deviation Schedule
A28: f) | B28: Technical Deviation Schedule
A29: g) | B29: Work Experience
A30: h) | B30: Annual Turnover
A31: i) | B31: Banker Details
A32: j) | B32: Details of current jobs
A33: k) | B33: Ex-Exployees of POWERGRID
A34: l) | B34: Declaration Regarding Social Accountability
A35: m) | B35: A complete copy of Bid document, each page serially numbered, stamped and duly signed by their authorized representative as a token of acceptance of the terms and conditions set out herein(to be enclosed by bidder as Annex– I).
A36: o)
A41: Date : | D41: Printed Name : | E41: ='Attach 3(JV)'!E24
A42: Place : | B42: ='Attach 3(JV)'!B25 | D42: Designation : | E42: ='Attach 3(JV)'!E25

Sheet Attach 3(JV)
A1: =Basic!A3&Basic!B3 -> Specification No. :CC/NT/S-VHCLE/DOM/A17/26/13660 | E1: ="Attachment-3(JV) "&AT1 -> Attachment-3(JV) 5002005726 | Z1: =#REF! -> #REF! | AT1: =Basic!B2 -> 5002005726
Z2: =#REF! -> #REF!
A3: =Basic!B1 -> EMPANELMENT OF TRANSPORT AGENCIES FOR DAY-TO-DAY HIRING OF VEHICLES AT CORPORATE CENTRE, GURGAON
A5: (Joint Venture Agreement and Power of Attorney for Joint Venture*)
A7: ="Bidder’s Name and Address ("&MID('Names of Bidder'!B8,9,35)&") :" -> Bidder’s Name and Address (Lead Partner) : | E7: To:
A8: =IF('Names of Bidder'!D6="JV (Joint Venture)","JV of "&Z8,"") | E8: Corporate Materials Management | Z8: =IF(#REF!=1,#REF!&" & "&#REF!,IF(#REF!="2 or More",#REF!&" , "&#REF!&" & "&#REF!,"")) -> #REF!
A9: Name : | B9: =IF('Names of Bidder'!D8=0,"",'Names of Bidder'!D8) | E9: Power Grid Corporation of India Ltd.,
A10: Address : | B10: =IF('Names of Bidder'!D9=0,"",'Names of Bidder'!D9) | E10: "Saudamini", Plot No. 2, Sector 29
B11: =IF('Names of Bidder'!D10=0,"",'Names of Bidder'!D10) | E11: Gurgaon (Haryana) - 122001
B12: =IF('Names of Bidder'!D11=0,"",'Names of Bidder'!D11)
A14: =IF(#REF!="Sole Bidder","This Attachment is Not Applicable","") -> #REF!
A15: Name(s) and Addresse(s) of other partner(s)
B16: =IF(Z2=1,"Other Partner",IF(Z2="2 or More","Other Partner-1","")) -> #REF! | E16: =IF(Z2="2 or More","Other Partner-2","") -> #REF!
A17: Name : | B17: =IF(#REF!=0,"",#REF!) -> #REF! | E17: =IF($Z$2="2 or More",IF(#REF!=0,"",#REF!),"") -> #REF!
A18: Address : | B18: =IF(#REF!=0,"",#REF!) -> #REF! | E18: =IF($Z$2="2 or More",IF(#REF!=0,"",#REF!),"") -> #REF!
B19: =IF(#REF!=0,"",#REF!) -> #REF! | E19: =IF($Z$2=2,IF(#REF!=0,"",#REF!),"") -> #REF!
B20: =IF(#REF!=0,"",#REF!) -> #REF! | E20: =IF($Z$2=2,IF(#REF!=0,"",#REF!),"") -> #REF!
A21: Dear Sir,
A22: The Joint Venture Agreement (as per the proforma attached at no. 15 in Section-VI, Sample Forms and Procedures, Conditions of Contract, Vol.-I of the Bidding Documents) and Power of Attorney for Joint Venture (as per the proforma attached at no. 14 in Section-VI, Sample Forms and Procedures, Conditions of Contract, Vol.-I of the Bidding Documents) are enclosed herewith.
D23: Signature :
A24: Date : | B24: =IF('Names of Bidder'!D21=0,"",'Names of Bidder'!D21) | D24: Printed Name : | E24: =IF('Names of Bidder'!D18=0,"",'Names of Bidder'!D18) | AA24: =Basic!B4 -> 0
A25: Place : | B25: =IF('Names of Bidder'!D22=0,"",'Names of Bidder'!D22) | D25: Designation : | E25: =IF('Names of Bidder'!D19=0,"",'Names of Bidder'!D19) | AA25: =Basic!B5 -> 2
D26: Common Seal :

Sheet QR
A1: ='Check List'!$A$1 -> ENQUIRY NO.: CC/NT/S-VHCLE/DOM/A17/26/13660
A3: =Basic!$B$1 -> EMPANELMENT OF TRANSPORT AGENCIES FOR DAY-TO-DAY HIRING OF VEHICLES AT CORPORATE CENTRE, GURGAON
A5: (Qualifying Requirement Data)
A7: ='Attach 3(JV)'!A7 -> Bidder’s Name and Address (Lead Partner) : | E7: ='Attach 3(JV)'!E7 -> To:
A8: ='Attach 3(JV)'!A8 | E8: ='Attach 3(JV)'!E8 -> Corporate Materials Management
A9: Name : | E9: ='Attach 3(JV)'!E9 -> Power Grid Corporation of India Ltd.,
A10: Address : | B10: ='Attach 3(JV)'!B10 | E10: ='Attach 3(JV)'!E10 -> "Saudamini", Plot No. 2, Sector 29
E11: ='Attach 3(JV)'!E11 -> Gurgaon (Haryana) - 122001
A13: Dear Sir,
A15: For our Qualifying Requirements Data, please refer (Schedule-QR) of Bidding Documents.
A22: Date : | D22: Printed Name :
A23: Place : | D23: Designation :

Sheet QR-Technical
A1: ='Check List'!$A$1 -> ENQUIRY NO.: CC/NT/S-VHCLE/DOM/A17/26/13660
A3: =Basic!$B$1 -> EMPANELMENT OF TRANSPORT AGENCIES FOR DAY-TO-DAY HIRING OF VEHICLES AT CORPORATE CENTRE, GURGAON
A4: Sr. No. | B4: Qualifying Reqirement-Description
D5: Mention the years
A6: 1.1 | B6: Work Experience: Agencies shall have experience of providing #similar transport services to PSUs/ Government Departments/ Government Autonomous bodies/ Private/ Multinational Organizations/ Companies as a prime contractor during last 07 (seven) years as on the originally scheduled last date of bid submission (soft copy), i.e., 26/10/2026. Notes: 1. #similar transport services shall mean taxi services, cab services, hiring of vehicle/taxis, travel services, mobility solutions, car rental services. 2. Copy of Letter of Award/Experience certificate from PSUs/Government Departments/Government Autonomous bodies/Private/Multinational Organizations/Companies for providing transport services to be enclosed. | D6: From: To:
A7: 1.2 | B7: Number of Vehicle: Below specified nos. of BHARAT-VI (BS-VI) or later compliant vehicles of particular package of not more than specified years old as on the originally scheduled last date of bid submission (soft copies) as mentioned above must be registered in the name of proprietor/company/partners/firm/director. | D7: (Copy of Registration Certificate of vehicle in the name of proprietor/company/partners/firm/director to be enclosed)
B8: Package-A (Sedan) (05 Nos. of vehicles less than 04 years old as on the originally scheduled last date of bid submission (soft copy) as mentioned above (Maruti Dzire/Honda-Amaze/Hyundai-Aura/Tata Tigor)
B9: Package-B (Basic MUV) (05 Nos. of vehicles less than 04 years old as on the originally scheduled last date of bid submission (soft copy) as mentioned above (Maruti Ertiga/Toyota Rumion/Kia Carens)
B10: Package-C (Premium Sedan) (05 Nos. of vehicles less than 04 years old as on the originally scheduled last date of bid submission (soft copy) as mentioned above (Honda-City/Hyundai-Verna)
B11: Package-D (Premium MPV) (05 Nos. of vehicles less than 04 years old as on the originally scheduled last date of bid submission (soft copy) as mentioned above (Toyota-Innova Crysta)
B12: Package-E (SUV (Mid-Size/ Premium SUV) (02 Nos. of vehicles less than 04 years old as on the originally scheduled last date of bid submission (soft copy) as mentioned above (Maruti Invicta/Toyota Innova Hycross/Mahindra-XUV700/ Tata-Safari/Hyundai-Alcazar)
B13: Package-F (SUV (Full-Size/ Luxury SUV) (02 Nos. of vehicles less than 04 years old as on the originally scheduled last date of bid submission (soft copy) as mentioned above (Toyota-Fortuner/MG Gloster)
B14: Note- 1. A car once counted under any package shall not be counted in any other package type again. 2. The Bidder must have the specified number of vehicles in at least 04 packages, not older than 4 years as on the originally scheduled last date of bid submission (soft copy), to qualify for submission of the bid for empanelment in POWERGRID.
A15: 1.3 | B15: Office: The bidder shall have an office in Delhi NCR (Copy of address proof of office setup is to be submitted along with the bid documents such as lease deed of office premise/ GST Certificate etc. as an address proof for same).
A16: The bidder shall furnish documentary evidence in support of the qualifying requirement stipulated as above.
A17: Date : | C17: Printed Name :
A18: Place : | C18: Designation :

Sheet QR-Financial
A1: ='Check List'!$A$1 -> ENQUIRY NO.: CC/NT/S-VHCLE/DOM/A17/26/13660
A3: =Basic!$B$1 -> EMPANELMENT OF TRANSPORT AGENCIES FOR DAY-TO-DAY HIRING OF VEHICLES AT CORPORATE CENTRE, GURGAON
B5: FINANCIAL POSITION: Minimum Average Annual Turnover* (MAAT) for best three years i.e. 36 months out of last five financial years of the bidder should not be less than ₹ 2.19 Cr. *Note –Annual gross revenue from operations/Gross operating income as incorporated in the profit & loss account excluding other operative income/other income.
B6: Notes: 1. In case bidder is a holding company, the Work Experience, Number of Vehicle, Permanent Office and Financial Position Criteria referred above shall be that of holding company only (i.e. excluding its subsidiary/group companies). In case bidder is a subsidiary of a holding company, the Work Experience, Number of Vehicle, Permanent Office and Financial Position Criteria referred above shall be of that subsidiary company only (i.e. excluding its holding company). 2. Relaxation for Start-Ups: Start-Ups meetings the specified requirements in Financial Position shall be considered qualified if they meet eighty (80%) of the requirement specified above in financial position. ^Start-Ups as defined by DPIIT, applicable as on the originally scheduled last date of bid submission mentioned above. 3. Relaxation for MSEs For MSE bidders, requirement of MAAT is waived off.
B7: The bidder shall furnish documentary evidence in support of the qualifying requirement stipulated as above.
B8: Name of Bidder
B9: A. Average Annual Turnover details
B10: S.No. | C10: Financial Year | D10: Annual Turnover in ₹
B11: 1 | C11: 2025-26
B12: 2 | C12: 2024-25
B13: 3 | C13: 2023-24
B14: 4 | C14: 2022-23
B15: 5 | C15: 2021-22
C16: Average annual turnover for best three years is: | D16: =SUM(LARGE(D11:D15,{1,2,3}))/3 -> #NUM!
A21: Date : | D21: Printed Name :
A22: Place : | D22: Designation :

Sheet Comm.Deviation Sch.
A1: ='Check List'!$A$1 -> ENQUIRY NO.: CC/NT/S-VHCLE/DOM/A17/26/13660
A3: =Basic!$B$1 -> EMPANELMENT OF TRANSPORT AGENCIES FOR DAY-TO-DAY HIRING OF VEHICLES AT CORPORATE CENTRE, GURGAON
A5: COMMERCIAL DEVIATIONS SCHEDULE
A7: ='Attach 3(JV)'!A7 -> Bidder’s Name and Address (Lead Partner) : | E7: ='Attach 3(JV)'!E7 -> To:
A8: ='Attach 3(JV)'!A8 | E8: ='Attach 3(JV)'!E8 -> Corporate Materials Management
A9: Name : | B9: ='Attach 3(JV)'!B9 | E9: ='Attach 3(JV)'!E9 -> Power Grid Corporation of India Ltd.,
A10: Address : | E10: ='Attach 3(JV)'!E10 -> "Saudamini", Plot No. 2, Sector 29
E11: ='Attach 3(JV)'!E11 -> Gurgaon (Haryana) - 122001
A13: Dear Sir,
A14: We hereby confirm compliance with all the terms and conditions of General Purchase Conditions/Tender document except deviations/exceptions brought out herein below. We further confirm that these deviations/exceptions are exhaustive. Apart from these deviations/exceptions, if any condition/deviation/exception, if found elsewherein our proposal, the same shall not be given any effect to
A16: S.No. | B16: Clause Ref. | C16: Deviation/Exception | E16: Cost of withdrawal of the deviation
H20: =FALSE() -> FALSE
A24: Any proposed deviation will be applicable only for the bidder whose bid is substantially responsive in accordance with Clauses of the bidding documents. If a bid is not substantially responsive, it will be rejected and may not subsequently be made responsive by the bidder by correction of the non-conformity.
A25: The above deviations and variations are exhaustive. We confirm that we shall withdraw the deviations proposed by us at the cost of withdrawal indicated in this attachment, failing which our bid may be rejected and Bid Security forfeited.
A26: Except for the above deviations and variations, the entire work shall be performed as per your specifications and documents. Further, we agree that any deviations, conditionality or reservation introduced in this Attachment-6 and/or in the Bid form, Price schedules & Technical Data Sheets and covering letter, or in any other part of the bid will be reviewed to conduct a determination of the substantial responsiveness of the bid.
A28: Date : | D28: Printed Name :
A29: Place : | D29: Designation :
A31: =A1 -> ENQUIRY NO.: CC/NT/S-VHCLE/DOM/A17/26/13660 | E31: =E1 -> 0
A33: =A5 -> COMMERCIAL DEVIATIONS SCHEDULE
A36: Sl. No. | B36: Reference clause in the Specifications | C36: Deviation | E36: Cost of withdrawal of the deviation
A50: Date : | B50: =B28 -> 0 | D50: Printed Name : | E50: =E28 -> 0
A51: Place : | B51: =B29 -> 0 | D51: Designation : | E51: =E29 -> 0

Sheet Attach 4 (A)
A1: ='Attach 3(JV)'!A1 -> Specification No. :CC/NT/S-VHCLE/DOM/A17/26/13660 | E1: ="Attachment-4(A) "&'Attach 3(JV)'!AT1 -> Attachment-4(A) 5002005726
A3: ='Attach 3(JV)'!A3 -> EMPANELMENT OF TRANSPORT AGENCIES FOR DAY-TO-DAY HIRING OF VEHICLES AT CORPORATE CENTRE, GURGAON
A5: (List of Special Maintenance Tools & Tackles)
A7: ='Attach 3(JV)'!A7 -> Bidder’s Name and Address (Lead Partner) : | D7: ='Attach 3(JV)'!E7 -> To:
A8: ='Attach 3(JV)'!A8 | D8: ='Attach 3(JV)'!E8 -> Corporate Materials Management
A9: Name : | B9: ='Attach 3(JV)'!B9 | D9: ='Attach 3(JV)'!E9 -> Power Grid Corporation of India Ltd.,
A10: Address : | B10: ='Attach 3(JV)'!B10 | D10: ='Attach 3(JV)'!E10 -> "Saudamini", Plot No. 2, Sector 29
B11: ='Attach 3(JV)'!B11 | D11: ='Attach 3(JV)'!E11 -> Gurgaon (Haryana) - 122001
B12: ='Attach 3(JV)'!B12
A13: Dear Sir,
A14: We are furnishing below the list of special maintenance tools & tackles for various equipment under the subject package. The prices for these tools & tackles are included in our lumpsum bid price. We further confirm that the list of special maintenance tools & tackles includes all the items specifically identified in your bidding documents as brought out below:
A15: (a)
A16: (b)
A17: (c)
A18: (d)
A19: (e)
A20: Notwithstanding what is stated above, we further confirm that any additional special maintenance tools and tackles, required for the equipment under this package shall be furnished by us at no extra cost to the employer.
A21: S.No. | B21: For Equipment | C21: Item Description | D21: Unit | E21: Quantity
A22: 1
A23: 2
A24: 3
A25: 4
A26: 5
C28: Signature :
A29: Date : | B29: ='Attach 3(JV)'!B24 | C29: Printed Name : | D29: ='Attach 3(JV)'!E24
A30: Place : | B30: ='Attach 3(JV)'!B25 | C30: Designation : | D30: ='Attach 3(JV)'!E25
C31: Common Seal :

Sheet Attach 4 (B)
A1: ='Attach 3(JV)'!A1 -> Specification No. :CC/NT/S-VHCLE/DOM/A17/26/13660 | E1: ="Attachment-4(B) "&'Attach 3(JV)'!AT1 -> Attachment-4(B) 5002005726
A3: ='Attach 3(JV)'!A3 -> EMPANELMENT OF TRANSPORT AGENCIES FOR DAY-TO-DAY HIRING OF VEHICLES AT CORPORATE CENTRE, GURGAON
A5: (List of Special Maintenance Tools & Tackles)
A7: ='Attach 3(JV)'!A7 -> Bidder’s Name and Address (Lead Partner) : | E7: ='Attach 3(JV)'!E7 -> To:
A8: ='Attach 3(JV)'!A8 | E8: ='Attach 3(JV)'!E8 -> Corporate Materials Management
A9: Name : | B9: ='Attach 3(JV)'!B9 | E9: ='Attach 3(JV)'!E9 -> Power Grid Corporation of India Ltd.,
A10: Address : | B10: ='Attach 3(JV)'!B10 | E10: ='Attach 3(JV)'!E10 -> "Saudamini", Plot No. 2, Sector 29
B11: ='Attach 3(JV)'!B11 | E11: ='Attach 3(JV)'!E11 -> Gurgaon (Haryana) - 122001
B12: ='Attach 3(JV)'!B12
A13: Dear Sir,
A15: We are furnishing below the list of special maintenance tools & tackles for various equipment under the subject package. The prices for these tools & tackles which are to be taken back after the completion of the work by us are not included in our lumpsum bid price. We further confirm that the list of special maintenance tools & tackles includes all the items specifically identified in your bidding documents as brought out below:
A16: (a)
A17: (b)
A18: (c)
A19: (d)
A20: (e)
A21: (f)
D23: Signature :
A24: Date : | B24: ='Attach 3(JV)'!B24 | D24: Printed Name : | E24: ='Attach 3(JV)'!E24
A25: Place : | B25: ='Attach 3(JV)'!B25 | D25: Designation : | E25: ='Attach 3(JV)'!E25
D26: Common Seal :

Sheet Attach 5
A1: ='Attach 3(JV)'!A1 -> Specification No. :CC/NT/S-VHCLE/DOM/A17/26/13660 | E1: ="Attachment-5 "&'Attach 3(JV)'!AT1 -> Attachment-5 5002005726
A3: ='Attach 3(JV)'!A3 -> EMPANELMENT OF TRANSPORT AGENCIES FOR DAY-TO-DAY HIRING OF VEHICLES AT CORPORATE CENTRE, GURGAON
A5: Letter of Authorisation
A7: ='Attach 3(JV)'!A7 -> Bidder’s Name and Address (Lead Partner) : | D7: ='Attach 3(JV)'!E7 -> To:
A8: ='Attach 3(JV)'!A8 | D8: ='Attach 3(JV)'!E8 -> Corporate Materials Management
A9: Name : | B9: ='Attach 3(JV)'!B9 | D9: ='Attach 3(JV)'!E9 -> Power Grid Corporation of India Ltd.,
A10: Address : | B10: ='Attach 3(JV)'!B10 | D10: ='Attach 3(JV)'!E10 -> "Saudamini", Plot No. 2, Sector 29
B11: ='Attach 3(JV)'!B11 | D11: ='Attach 3(JV)'!E11 -> Gurgaon (Haryana) - 122001
B12: ='Attach 3(JV)'!B12
A13: Dear Sir,
A14: With reference to above, we are authorizing following branch/person for participating in the bid.
A15: Sl. No. | B15: Item Description | C15: Quantity proposed to be bought/sub-contracted | D15: Details of the proposed sub-contractor/sub-vendor
D16: Name | E16: Nationality
B17: Name of Person
B18: Designation
B19: Address Line 1
B20: Address Line 2 | H20: =FALSE() -> FALSE
B21: Address Line 3
B22: Pin Code
B23: Telephone No.
B24: Mobile No.
B25: E-mail ID
A27: We hereby furnish the details of the items/ sub-assemblies propose to supply from our own works (i.e. as direct transactions) in additiona to the supplies the same from other vendors (i.e. as Bought-out transactions) as detailed in the table given above.
A28: Sl. No. | B28: Item Description | C28: Quantity proposed to be supplied | D28: Details of the plant from where supplies are proposed.
D29: Name of Plant | E29: Address
A30: 1
A31: 2
A32: 3
A35: Date : | B35: ='Attach 3(JV)'!B24 | C35: Printed Name : | D35: ='Attach 3(JV)'!E24
A36: Place : | B36: ='Attach 3(JV)'!B25 | C36: Designation : | D36: ='Attach 3(JV)'!E25
A38: =A1 -> Specification No. :CC/NT/S-VHCLE/DOM/A17/26/13660 | E38: =E1 -> Attachment-5 5002005726
A40: (Bought-out & Sub-contracted Items)
A42: Sl. No. | B42: Item Description | C42: Quantity proposed to be bought/sub-contracted | D42: Details of the proposed sub-contractor/sub-vendor
D43: Name | E43: Nationality
A73: Date : | B73: =B35 | C73: Printed Name : | D73: =D35
A74: Place : | B74: =B36 | C74: Designation : | D74: =D36

Sheet Tech.Dev.Sch.
A1: ='Check List'!$A$1 -> ENQUIRY NO.: CC/NT/S-VHCLE/DOM/A17/26/13660
A3: =Basic!$B$1 -> EMPANELMENT OF TRANSPORT AGENCIES FOR DAY-TO-DAY HIRING OF VEHICLES AT CORPORATE CENTRE, GURGAON
A5: TECHNICAL DEVIATIONS SCHEDULE
A7: ='Attach 3(JV)'!A7 -> Bidder’s Name and Address (Lead Partner) : | E7: ='Attach 3(JV)'!E7 -> To:
A8: ='Attach 3(JV)'!A8 | E8: ='Attach 3(JV)'!E8 -> Corporate Materials Management
A9: Name : | E9: ='Attach 3(JV)'!E9 -> Power Grid Corporation of India Ltd.,
A10: Address : | E10: ='Attach 3(JV)'!E10 -> "Saudamini", Plot No. 2, Sector 29
E11: ='Attach 3(JV)'!E11 -> Gurgaon (Haryana) - 122001
A13: Dear Sir,
A14: We hereby confirm compliance with all the terms and conditions of Technical Specification except deviations/exceptions brought out herein below. We further confirm that these deviations/exceptions are exhaustive. Apart from these deviations/exceptions, if any condition/deviation/exception, if found elsewherein our proposal, the same shall not be given any effect to
A16: S.No. | B16: Clause Ref. | C16: Deviation/Exception | E16: Cost of withdrawal of the deviation
H20: =FALSE() -> FALSE
A24: Any proposed deviation will be applicable only for the bidder whose bid is substantially responsive in accordance with Clauses of the bidding documents. If a bid is not substantially responsive, it will be rejected and may not subsequently be made responsive by the bidder by correction of the non-conformity.
A25: The above deviations and variations are exhaustive. We confirm that we shall withdraw the deviations proposed by us at the cost of withdrawal indicated in this attachment, failing which our bid may be rejected and Bid Security forfeited.
A26: Except for the above deviations and variations, the entire work shall be performed as per your specifications and documents. Further, we agree that any deviations, conditionality or reservation introduced in this Attachment-6 and/or in the Bid form, Price schedules & Technical Data Sheets and covering letter, or in any other part of the bid will be reviewed to conduct a determination of the substantial responsiveness of the bid.
A29: Date : | D29: Printed Name :
A30: Place : | D30: Designation :
E32: =E1 -> 0
A37: Sl. No. | B37: Reference clause in the Specifications | C37: Deviation | E37: Cost of withdrawal of the deviation
A51: Date : | B51: =B29 -> 0 | D51: Printed Name : | E51: =E29 -> 0
A52: Place : | B52: =B30 -> 0 | D52: Designation : | E52: =E30 -> 0

Sheet Attach 7
A1: ='Attach 3(JV)'!A1 -> Specification No. :CC/NT/S-VHCLE/DOM/A17/26/13660 | E1: ="Attachment-7 "&'Attach 3(JV)'!AT1 -> Attachment-7 5002005726
A3: ='Attach 3(JV)'!A3 -> EMPANELMENT OF TRANSPORT AGENCIES FOR DAY-TO-DAY HIRING OF VEHICLES AT CORPORATE CENTRE, GURGAON
A5: DECLARATION REGARDING RE-INSURANCE
A7: ='Attach 3(JV)'!A7 -> Bidder’s Name and Address (Lead Partner) : | E7: ='Attach 3(JV)'!E7 -> To:
A8: ='Attach 3(JV)'!A8 | E8: ='Attach 3(JV)'!E8 -> Corporate Materials Management
A9: Name : | B9: ='Attach 3(JV)'!B9 | E9: ='Attach 3(JV)'!E9 -> Power Grid Corporation of India Ltd.,
A10: Address : | B10: ='Attach 3(JV)'!B10 | E10: ='Attach 3(JV)'!E10 -> "Saudamini", Plot No. 2, Sector 29
B11: ='Attach 3(JV)'!B11 | E11: ='Attach 3(JV)'!E11 -> Gurgaon (Haryana) - 122001
B12: ='Attach 3(JV)'!B12
A15: We will go for a suitable re-insurance arrangement and will furnish the details of re-insurance arrangement in the event of becoming a successful bidder. Re-insurance will be done with GIC in India and/or Foreign reinsure as stipulated by IRDA
A22: Date : | B22: ='Attach 3(JV)'!B24 | D22: Printed Name : | E22: ='Attach 3(JV)'!E24
A23: Place : | B23: ='Attach 3(JV)'!B25 | D23: Designation : | E23: ='Attach 3(JV)'!E25

Sheet Attach 8
A1: ='Attach 3(JV)'!A1 -> Specification No. :CC/NT/S-VHCLE/DOM/A17/26/13660 | E1: ="Attachment-8 "&'Attach 3(JV)'!AT1 -> Attachment-8 5002005726
A3: ='Attach 3(JV)'!A3 -> EMPANELMENT OF TRANSPORT AGENCIES FOR DAY-TO-DAY HIRING OF VEHICLES AT CORPORATE CENTRE, GURGAON
A5: (Manufacturer's Authorization Form)
A7: ='Attach 3(JV)'!E7 -> To:
A8: ='Attach 3(JV)'!E8 -> Corporate Materials Management
A9: ='Attach 3(JV)'!E9 -> Power Grid Corporation of India Ltd.,
A10: ='Attach 3(JV)'!E10 -> "Saudamini", Plot No. 2, Sector 29
A11: ='Attach 3(JV)'!E11 -> Gurgaon (Haryana) - 122001 | F11: Name of Manufecture | G11: Name/Description of Goods | H11: Factory Address | I11: Name & Address of Bidder | J11: package name alongwith project name
F12: …(insert name of the Manufacturer) .. | G12: …(insert name and/or description of the goods) … | H12: ..(insert address of factory) .. | I12: ='Attach 3(JV)'!B9 | J12: ='Attach 3(JV)'!A3 -> EMPANELMENT OF TRANSPORT AGENCIES FOR DAY-TO-DAY HIRING OF VEHICLES AT CORPORATE CENTRE, GURGAON
I13: ='Attach 3(JV)'!B10
A14: Dear Sir, | I14: ='Attach 3(JV)'!B11
I15: ='Attach 3(JV)'!B12
A16: =" "&G17&""&G18&""&G19&"" -> WE …(insert name of the Manufacturer) .. who are established and reputable manufacturers of …(insert name and/or description of the goods) …. having production facilities at ..(insert address of factory) .., , , do hereby authorize , , , (hereinafter, the “Bidder”) to submit a bid, and subsequently negotiate and sign the Contract with you against IFB for EMPANELMENT OF TRANSPORT AGENCIES FOR DAY-TO-DAY HIRING OF VEHICLES AT CORPORATE CENTRE, GURGAON including the above plant & equipment or other goods produced by us. | I16: ='Attach 3(JV)'!B13 -> 0
G17: ="WE "&F12&" who are established and reputable manufacturers of "&G12&". having production facilities at" -> WE …(insert name of the Manufacturer) .. who are established and reputable manufacturers of …(insert name and/or description of the goods) …. having production facilities at | H17: We hereby extend our full guarantee and warranty for the above specified goods offered supporting the supply by the Bidder against these Bidding Documents, and duly authorize said Bidder to act on our behalf in fulfilling these guarantee and warranty obligations.
A18: =""&H17&" "&H18&" "&H19&" " -> We hereby extend our full guarantee and warranty for the above specified goods offered supporting the supply by the Bidder against these Bidding Documents, and duly authorize said Bidder to act on our behalf in fulfilling these guarantee and warranty obligations. We also hereby declare that we and have entered into a formal relationship in which, during the duration of the Contract (including warranty/defects liability). We, the Manufacturer or Producer, will make our technical and engineering staff fully available to the technical and engineering staff of the successful Bidder to assist that Bidder, on a reasonable and best effort basis, in the performance of all its obligations to the Purchaser under the Contract. | G18: =" "&H12&", "&H13&", "&H14&", "&H15&" do hereby authorize "&I12&", "&I13&", "&I14&", "&I15&"(hereinafter, the “Bidder”) " -> ..(insert address of factory) .., , , do hereby authorize , , , (hereinafter, the “Bidder”) | H18: =" We also hereby declare that we and "&I12&" have entered into a formal relationship in which, during the duration of the Contract (including warranty/defects liability)." -> We also hereby declare that we and have entered into a formal relationship in which, during the duration of the Contract (including warranty/defects liability).
A19: ="For and on behalf of the "&F12&"" -> For and on behalf of the …(insert name of the Manufacturer) .. | G19: ="to submit a bid, and subsequently negotiate and sign the Contract with you against IFB for "&J12&" including the above plant & equipment or other goods produced by us." -> to submit a bid, and subsequently negotiate and sign the Contract with you against IFB for EMPANELMENT OF TRANSPORT AGENCIES FOR DAY-TO-DAY HIRING OF VEHICLES AT CORPORATE CENTRE, GURGAON including the above plant & equipment or other goods produced by us. | H19: We, the Manufacturer or Producer, will make our technical and engineering staff fully available to the technical and engineering staff of the successful Bidder to assist that Bidder, on a reasonable and best effort basis, in the performance of all its obligations to the Purchaser under the Contract.
A20: Signature :
A21: Date : | B21: ='Attach 3(JV)'!B24
A22: In the capacity of
D23: Signature :
A24: Date : | B24: ='Attach 3(JV)'!B24 | D24: Printed Name : | E24: ='Attach 3(JV)'!E24
A25: Place : | B25: ='Attach 3(JV)'!B25 | D25: Designation : | E25: ='Attach 3(JV)'!E25
D26: Common Seal :
A28: Note :1 | B28: The letter of Undertaking should be on the letterhead of the Manufacturer and should be signed by a person competent and having Power of Attorney to legally bind the Manufacturer. It shall be included by the bidder in its bid.
A29: 2 | B29: Above undertaking shall be registered or notarized so as to be legally enforceable.

Sheet Attach 10
A1: ='Attach 3(JV)'!A1 -> Specification No. :CC/NT/S-VHCLE/DOM/A17/26/13660 | E1: ="Attachment-10 "&'Attach 3(JV)'!AT1 -> Attachment-10 5002005726
A3: ='Attach 3(JV)'!A3 -> EMPANELMENT OF TRANSPORT AGENCIES FOR DAY-TO-DAY HIRING OF VEHICLES AT CORPORATE CENTRE, GURGAON
A5: (Guarantee Declaration)
A7: ='Attach 3(JV)'!A7 -> Bidder’s Name and Address (Lead Partner) : | E7: ='Attach 3(JV)'!E7 -> To:
A8: ='Attach 3(JV)'!A8 | E8: ='Attach 3(JV)'!E8 -> Corporate Materials Management
A9: Name : | B9: ='Attach 3(JV)'!B9 | E9: ='Attach 3(JV)'!E9 -> Power Grid Corporation of India Ltd.,
A10: Address : | B10: ='Attach 3(JV)'!B10 | E10: Southern Region Transmission System-II
B11: ='Attach 3(JV)'!B11 | E11: No: 62, 3rd Cross, Industrial Suburb
B12: ='Attach 3(JV)'!B12 | E12: MEI road, Yeshavanthapur, Bangalore -22
A14: Dear Sir,
A16: We conform that the equipments offered shall have minimum performance specified in Technical Specification. We further guarantee the performance/efficiency of the equipments in response to the Technical Specifications.
A21: Date : | B21: ='Attach 3(JV)'!B24 | D21: Printed Name : | E21: ='Attach 3(JV)'!E24
A22: Place : | B22: ='Attach 3(JV)'!B25 | D22: Designation : | E22: ='Attach 3(JV)'!E25

Sheet Attach 11
A1: ='Attach 3(JV)'!A1 -> Specification No. :CC/NT/S-VHCLE/DOM/A17/26/13660 | E1: ="Attachment-11 "&'Attach 3(JV)'!AT1 -> Attachment-11 5002005726
Z2: ='Attach 3(JV)'!Z2 -> #REF!
A3: =QR!A3 -> EMPANELMENT OF TRANSPORT AGENCIES FOR DAY-TO-DAY HIRING OF VEHICLES AT CORPORATE CENTRE, GURGAON
A5: (Information regarding Ex-employees of POWERGRID in our Organisation)
A7: ='Attach 3(JV)'!A7 -> Bidder’s Name and Address (Lead Partner) : | D7: ='Attach 3(JV)'!E7 -> To:
A8: ='Attach 3(JV)'!A8 | D8: ='Attach 3(JV)'!E8 -> Corporate Materials Management
A9: Name : | B9: ='Attach 3(JV)'!B9 | D9: ='Attach 3(JV)'!E9 -> Power Grid Corporation of India Ltd.,
A10: Address : | B10: ='Attach 3(JV)'!B10 | D10: Southern Region Transmission System-II
B11: ='Attach 3(JV)'!B11 | D11: No: 62, 3rd Cross, Industrial Suburb
B12: ='Attach 3(JV)'!B12 | D12: MEI road, Yeshavanthapur, Bangalore -22
A13: Dear Sir,
A15: We hereby furnish the details of ex-employees of POWERGRID who had retired/ resigned at the level of General Manager and above from POWERGRID and subsequently have been employed by us:
A17: Sl. No. | B17: Name of the person with designation in POWERGRID | D17: Date of Retirement/ resignation from POWERGRID | E17: Date of joining and designation in our organisation
A18: 1
A19: 2
A20: 3
A21: 4
A22: 5
A23: 6
A26: Date : | B26: ='Attach 3(JV)'!B24 | C26: Printed Name : | D26: ='Attach 3(JV)'!E24
A27: Place : | B27: ='Attach 3(JV)'!B25 | C27: Designation : | D27: ='Attach 3(JV)'!E25
A31: =A1 -> Specification No. :CC/NT/S-VHCLE/DOM/A17/26/13660 | E31: =E1 -> Attachment-11 5002005726
A33: =A3 -> EMPANELMENT OF TRANSPORT AGENCIES FOR DAY-TO-DAY HIRING OF VEHICLES AT CORPORATE CENTRE, GURGAON
A35: (Information regarding Ex-employees of POWERGRID in our Organisation)
A37: ='Names of Bidder'!B13 -> Name of Other Partner | D37: =D7 -> To:
D38: =D8 -> Corporate Materials Management
A39: Name : | B39: ='Names of Bidder'!D13 -> 0 | D39: =D9 -> Power Grid Corporation of India Ltd.,
A40: Address : | B40: ='Names of Bidder'!D14 -> 0 | D40: =D10 -> Southern Region Transmission System-II
B41: ='Names of Bidder'!D15 -> 0 | D41: =D11 -> No: 62, 3rd Cross, Industrial Suburb
B42: ='Names of Bidder'!D16 -> 0
A43: Dear Sir,
A45: We hereby furnish the details of ex-employees of POWERGRID who had retired/ resigned at the level of General Manager and above from POWERGRID and subsequently have been employed by us:
A47: Sl. No. | B47: Name of the person with designation in POWERGRID | D47: Date of Retirement/ resignation from POWERGRID | E47: Date of joining and designation in our organisation
A48: 1
A49: 2
A50: 3
A51: 4
A52: 5
A53: 6
A56: Date : | B56: ='Attach 3(JV)'!B24 | C56: Printed Name : | D56: =D26
A57: Place : | B57: ='Attach 3(JV)'!B25 | C57: Designation : | D57: =D27

Sheet Attach 12
A1: ='Attach 3(JV)'!A1 -> Specification No. :CC/NT/S-VHCLE/DOM/A17/26/13660 | E1: ="Attachment-12 "&'Attach 3(JV)'!AT1 -> Attachment-12 5002005726
A3: ='Attach 3(JV)'!A3 -> EMPANELMENT OF TRANSPORT AGENCIES FOR DAY-TO-DAY HIRING OF VEHICLES AT CORPORATE CENTRE, GURGAON
A5: (Price Adjustment Data)
A7: ='Attach 3(JV)'!A7 -> Bidder’s Name and Address (Lead Partner) : | D7: ='Attach 3(JV)'!E7 -> To:
A8: ='Attach 3(JV)'!A8 | D8: ='Attach 3(JV)'!E8 -> Corporate Materials Management
A9: Name : | B9: ='Attach 3(JV)'!B9 | D9: ='Attach 3(JV)'!E9 -> Power Grid Corporation of India Ltd.,
A10: Address : | B10: ='Attach 3(JV)'!B10 | D10: Southern Region Transmission System-II
B11: ='Attach 3(JV)'!B11 | D11: No: 62, 3rd Cross, Industrial Suburb
B12: ='Attach 3(JV)'!B12 | D12: MEI road, Yeshavanthapur, Bangalore -22
A14: Dear Sir,
A16: ="We hereby furnish the relevant details pertaining to the price adjustment provisions for equipment as specified in your specifications and documents for the "&'Attach 3(JV)'!A3&"The necessary documentary evidence are enclosed : " -> We hereby furnish the relevant details pertaining to the price adjustment provisions for equipment as specified in your specifications and documents for the EMPANELMENT OF TRANSPORT AGENCIES FOR DAY-TO-DAY HIRING OF VEHICLES AT CORPORATE CENTRE, GURGAONThe necessary documentary evidence are enclosed :
A17: NOT APPLICABLE
A18: Sl. No. | B18: Name of Materials | C18: Value of co-efficient | D18: Name of the published index * | E18: Value of index as 30 days prior to date set for opening of bids as on **
E19: …. …. ….
A20: 1 | B20: 2 | C20: 3 | D20: 4 | E20: 5
A21: 1 | B21: EC grade aluminium ingots, co-eifciant a = | C21: 0.65 | D21: CACMAI
A22: 2 | C22: OPTION-B | D22: =IF(C22="OPTION-A","Not Applicable for Domesctic Bidders","")
B23: =IF(C22="OPTION A",G24,H24) -> High Tensile Galvanised Steel wires , co-efficient b = | C23: =IF(C22="OPTION A",0.13,0.15) -> 0.15 | D23: =IF(C22="OPTION-B","CACMAI","") -> CACMAI | G23: =FALSE() -> FALSE | H23: =FALSE() -> FALSE
B24: =IF(C22="OPTION-A",G25,"") | C24: =IF(C22="OPTION-A",0.02,"") | D24: =IF(C22="OPTION A","CACMAI","") | G24: High Carbon Steel Rods , co-efficient b = | H24: High Tensile Galvanised Steel wires , co-efficient b =
B25: =IF(H23=TRUE(),H24,"") | G25: High Grade Electrolytic Zinc , co-efficient c =
A26: 3 | B26: Labour, Co-efficient l= | C26: 0.05 | D26: Indian Labour Bureau, Shimla, Govt. of India (monthly) (Base: 2001 = 100) (www.labourbureau.nic.in)
A28: Note: | B28: * Indicate the publisher of the index.
B29: ** Indicate the date of indices for which the values are being furnished.
B30: ^ For bidders who intend to quote their prices based on High Tensile Galvanised Steel wire, the coefficient for the same (i.e. coefficient ’b’ for High Tensile Galvanised Steel wire) shall be 0.15 and coefficient ‘c’ shall not be applicable.
A33: Date : | B33: ='Attach 3(JV)'!B24 | C33: Printed Name : | D33: ='Attach 3(JV)'!E24
A34: Place : | B34: ='Attach 3(JV)'!B25 | C34: Designation : | D34: ='Attach 3(JV)'!E25

Sheet Attach 13
A1: ='Attach 3(JV)'!A1 -> Specification No. :CC/NT/S-VHCLE/DOM/A17/26/13660 | E1: ="Attachment-13 "&'Attach 3(JV)'!AT1 -> Attachment-13 5002005726
A3: ='Attach 3(JV)'!A3 -> EMPANELMENT OF TRANSPORT AGENCIES FOR DAY-TO-DAY HIRING OF VEHICLES AT CORPORATE CENTRE, GURGAON
A5: (Declaration regarding Social Accountability)
A7: ='Attach 3(JV)'!A7 -> Bidder’s Name and Address (Lead Partner) : | E7: ='Attach 3(JV)'!E7 -> To:
A8: ='Attach 3(JV)'!A8 | E8: ='Attach 3(JV)'!E8 -> Corporate Materials Management
A9: Name : | B9: ='Attach 3(JV)'!B9 | E9: ='Attach 3(JV)'!E9 -> Power Grid Corporation of India Ltd.,
A10: Address : | B10: ='Attach 3(JV)'!B10 | E10: Southern Region Transmission System-II
B11: ='Attach 3(JV)'!B11 | E11: No: 62, 3rd Cross, Industrial Suburb
B12: ='Attach 3(JV)'!B12 | E12: MEI road, Yeshavanthapur, Bangalore -22
A14: Dear Sir,
A16: We conform that we stand committed to comply to all requirements of Social Accountability Standards i.e., SA8000 (latest Standard available at www.sa-intl.org) and maintain the necessary records.
A24: Date : | B24: ='Attach 3(JV)'!B24 | D24: Printed Name : | E24: ='Attach 3(JV)'!E24
A25: Place : | B25: ='Attach 3(JV)'!B25 | D25: Designation : | E25: ='Attach 3(JV)'!E25

Sheet Attach 14
A1: ='Attach 3(JV)'!A1 -> Specification No. :CC/NT/S-VHCLE/DOM/A17/26/13660 | E1: ="Attachment-14 "&'Attach 3(JV)'!AT1 -> Attachment-14 5002005726
A3: ='Attach 3(JV)'!A3 -> EMPANELMENT OF TRANSPORT AGENCIES FOR DAY-TO-DAY HIRING OF VEHICLES AT CORPORATE CENTRE, GURGAON
A5: Integrity Pact
A7: ='Attach 3(JV)'!A7 -> Bidder’s Name and Address (Lead Partner) : | E7: ='Attach 3(JV)'!E7 -> To:
A8: ='Attach 3(JV)'!A8 | E8: ='Attach 3(JV)'!E8 -> Corporate Materials Management
A9: Name : | B9: ='Attach 3(JV)'!B9 | E9: ='Attach 3(JV)'!E9 -> Power Grid Corporation of India Ltd.,
A10: Address : | B10: ='Attach 3(JV)'!B10 | E10: Southern Region Transmission System-II
B11: ='Attach 3(JV)'!B11 | E11: No: 62, 3rd Cross, Industrial Suburb
B12: ='Attach 3(JV)'!B12 | E12: MEI road, Yeshavanthapur, Bangalore -22
A14: Dear Sir,
A16: NOT APPLICABLE
A24: Date : | B24: ='Attach 3(JV)'!B24 | D24: Printed Name : | E24: ='Attach 3(JV)'!E24
A25: Place : | B25: ='Attach 3(JV)'!B25 | D25: Designation : | E25: ='Attach 3(JV)'!E25

Sheet Genl.Infor.
A1: ='Check List'!$A$1 -> ENQUIRY NO.: CC/NT/S-VHCLE/DOM/A17/26/13660
A3: =Basic!$B$1 -> EMPANELMENT OF TRANSPORT AGENCIES FOR DAY-TO-DAY HIRING OF VEHICLES AT CORPORATE CENTRE, GURGAON
A5: GENERAL INFORMATION
A7: ='Attach 3(JV)'!A7 -> Bidder’s Name and Address (Lead Partner) : | E7: ='Attach 3(JV)'!E7 -> To:
A8: ='Attach 3(JV)'!A8 | E8: ='Attach 3(JV)'!E8 -> Corporate Materials Management
A9: Name : | B9: ='Attach 3(JV)'!B9 | E9: ='Attach 3(JV)'!E9 -> Power Grid Corporation of India Ltd.,
A10: Address : | B10: ='Attach 3(JV)'!B10 | E10: ='Attach 3(JV)'!E10 -> "Saudamini", Plot No. 2, Sector 29
B11: ='Attach 3(JV)'!B11 | E11: ='Attach 3(JV)'!E11 -> Gurgaon (Haryana) - 122001
B12: ='Attach 3(JV)'!B12
A14: Dear Sir,
A16: In support of the Qualification Requirements (QR) for bidders, as stipulated in Instruction of the Bidder, Section-I (Qualifying Requirement) of the Bidding Document, we furnish herewith our QR data/details/documents etc., along with other information, as follows (The QR stipulations have been reproduced in italics for ready reference, however, in case of any discrepancy the QR as given in Section-I shall prevail).
A17: 1. | B17: Name of the Company | E17: =B9
A18: 2. | B18: Address with PIN Code and State
B19: Registered Office:
B22: Branch Office:
B25: Correspondence Address:
A28: 3 | B28: Fax No.
A29: 4 | B29: Telephone No.
A30: 5 | B30: Mobile No.
A31: 6 | B31: E-Mail ID
A32: 7 | B32: Permanent Account (PAN) No.
A33: 8 | B33: Place of Incorporation/Registration
A34: 9 | B34: Year of Incorporation/Registration
A35: 10 | B35: Name of Contact Person
A36: 11 | B36: Designation
A37: 12. | B37: Telephone No(s)
B38: Landline(s):
B39: Mobile(s):
B40: Email ID :
A41: We hereby declare that the above information are true and correct.
A44: Date : | D44: Printed Name :
A45: Place : | D45: Designation :

Sheet Attach 16
A1: ='Attach 3(JV)'!A1 -> Specification No. :CC/NT/S-VHCLE/DOM/A17/26/13660 | L1: ="Attachment-16 "&'Attach 3(JV)'!AT1 -> Attachment-16 5002005726
Z2: ='Attach 3(JV)'!Z2 -> #REF!
A3: ='Attach 3(JV)'!A3 -> EMPANELMENT OF TRANSPORT AGENCIES FOR DAY-TO-DAY HIRING OF VEHICLES AT CORPORATE CENTRE, GURGAON
A5: (Additional Information)
A7: ='Attach 3(JV)'!A7 -> Bidder’s Name and Address (Lead Partner) : | G7: ='Attach 3(JV)'!E7 -> To:
A8: ='Attach 3(JV)'!A8 | G8: ='Attach 3(JV)'!E8 -> Corporate Materials Management
A9: Name : | B9: ='Attach 3(JV)'!B9 | G9: ='Attach 3(JV)'!E9 -> Power Grid Corporation of India Ltd.,
A10: Address : | B10: ='Attach 3(JV)'!B10 | G10: Southern Region Transmission System-II
B11: ='Attach 3(JV)'!B11 | G11: No: 62, 3rd Cross, Industrial Suburb
B12: ='Attach 3(JV)'!B12 | G12: MEI road, Yeshavanthapur, Bangalore -22
A14: Dear Sir,
A16: In support of the additional information required as per ITB Sub-Clause 9.3 (p) of the Bidding Documents, we furnish herewith our data/details/documents etc., alongwith other information, as follows (the stipulations have been reproduced in italics for ready reference):
A17: 1 | B17: The Bidder shall furnish
B18: A certificate from their Banker(s) (as per prescribed formats in Form 16, Section-VI: Sample Forms and Procedures) indicating various fund based/non fund based limits sanctioned to the Bidder and the extent of utilization as on date. Such certificate should have been issued not earlier than three months prior to the date of bid opening. Wherever necessary the Employer may make queries with the Bidders’ Bankers. [Reference ITB clause 9.3(p)(i)]
A19: 1.1 | B19: In accordance with 1.0, certificate(s) from banker as per requisite format, indicating various fund based/non fund based limits sanctioned to the bidder or each member of the joint venture and the extent of utilization as on date is/are enclosed, as per the following details:
B20: ="Name of the ("&MID('Names of Bidder'!B8,9,35)&") :" -> Name of the (Lead Partner) : | H20: =B9
B21: Name of the Banker by whom certificate issued
B22: Date of certificate (should not be earlier than 3 months prior to date of bid opening)
B23: Whether fund based/non fund based limits are indicated in the certificate
B24: Whether extent of utilization is indicated in the certificate
A26: 1.2 | B26: The Bidder should accordingly also provide the following information/documents
A27: (i) | B27: Details of Banker:
B28: Name of Banker
B29: Address of Banker
B33: Telephone No.
B34: Contact Name and Title
B35: Fax No.
B36: E-mail ID
A38: (ii) | B38: As per para 1.0, Authorization Letter(s) from the bidder addressed to the Banker(s), authorizing POWERGRID to seek queries about the bidder with the Banker(s) and advising the Banker(s) to reply the same promptly, is/are enclosed as per following details:
B39: Sl. No. | C39: Letter Ref. | G39: Date | I39: Addressed to (name of the Bank)
A42: 2 | B42: Litigation History
B43: The bidder should provide detailed information on any litigation or arbitration arising out of contracts completed or under execution by it over the last five years. A consistent history of awards involving litigation against the Bidder or any partner of JV may result in rejection of Bid. [Reference ITB clause 9.3(p)(ii)]
A44: 2.1 | B44: Details of litigation history resulting from Contracts completed or under execution by the bidder over the last five years
B45: Year | C45: Name of client, cause of litigation/arbitration and matter in dispute | G45: Details of Contract and date | I45: Award for or against the bidder | K45: Disputed amount
B46: 1
B47: 2
B48: 3
B49: 4
B50: 5
A51: 3 | B51: Description of the plant for carrying out the work
B52: Bidders should provide information of the plant(s) for carrying out the work including the proposal of manufacturing methods in sufficient detail to demonstrate the adequacy of the bidder’s proposals to meet the technical specification.
A53: 4 | B53: OTHER INFORMATION
A54: 4.1 | B54: Current Contract Commitments of works in progress
B55: Bidders should provide information on their current commitments on all contracts that have been awarded, or for which a letter of intent or acceptance has been received, or for contracts approaching completion, but for which an unqualified, full completion certificate has yet to be issued.
B56: Details of Contract | E56: Type of Conductor | F56: Ordered Quantity as per Contract | G56: Balance Quantity to be supplied as on | I56: Completion Period for balance quantity
I57: Commencement | K57: Completion
A66: 4.2 | B66: Financial Data:
K67: Figures Rs in
B68: Details | C68: Actual (Previous five years) | H68: Projection for next five years
C69: 2010 - 2011 | D69: 2009 - 2010 | E69: 2008 - 2009 | F69: 2007 - 2008 | G69: 2006 - 2007 | H69: 2011 - 2012 | I69: 2012 - 2013 | J69: 2013 - 2014 | K69: 2014 - 2015 | L69: 2015- 2016
B70: Total Assets
B71: Current Assets
B72: Total Liability
B73: Current Liability
B74: Profit before taxes
B75: Profit after taxes
A79: Date : | B79: ='Attach 3(JV)'!B24 | G79: Printed Name : | H79: ='Attach 3(JV)'!E24
A80: Place : | B80: ='Attach 3(JV)'!B25 | G80: Designation : | H80: ='Attach 3(JV)'!E25

Sheet Attach 17
A1: ='Attach 3(JV)'!A1 -> Specification No. :CC/NT/S-VHCLE/DOM/A17/26/13660 | E1: ="Attachment-17 "&'Attach 3(JV)'!AT1 -> Attachment-17 5002005726
A3: ='Attach 3(JV)'!A3 -> EMPANELMENT OF TRANSPORT AGENCIES FOR DAY-TO-DAY HIRING OF VEHICLES AT CORPORATE CENTRE, GURGAON
A5: (Declaration)
A7: ='Attach 3(JV)'!A7 -> Bidder’s Name and Address (Lead Partner) : | E7: ='Attach 3(JV)'!E7 -> To:
A8: ='Attach 3(JV)'!A8 | E8: ='Attach 3(JV)'!E8 -> Corporate Materials Management
A9: Name : | B9: ='Attach 3(JV)'!B9 | E9: ='Attach 3(JV)'!E9 -> Power Grid Corporation of India Ltd.,
A10: Address : | B10: ='Attach 3(JV)'!B10 | E10: Southern Region Transmission System-II
B11: ='Attach 3(JV)'!B11 | E11: No: 62, 3rd Cross, Industrial Suburb
B12: ='Attach 3(JV)'!B12 | E12: MEI road, Yeshavanthapur, Bangalore -22
A15: Dear Sir,
A17: We confirm that Bid Form and Price Schedules in the Second Envelope have been filled up by us as per the provisions of the Instruction to Bidders. Further, we have noted that the same shall be evaluated as per the provisions of the Bidding Documents.
A24: Date : | B24: ='Attach 3(JV)'!B24 | D24: Printed Name : | E24: ='Attach 3(JV)'!E24
A25: Place : | B25: ='Attach 3(JV)'!B25 | D25: Designation : | E25: ='Attach 3(JV)'!E25

Sheet Bid Form 1st Envelope
A1: ='Attach 3(JV)'!A1 -> Specification No. :CC/NT/S-VHCLE/DOM/A17/26/13660 | F1: ="Bid Form 1st Envelope "&'Attach 3(JV)'!AT1 -> Bid Form 1st Envelope 5002005726 | AE1: 1 | AF1: one | AG1: 1 | AH1: st | AK1: 1 | AL1: January
AE2: 2 | AF2: two | AG2: 2 | AH2: nd | AK2: 2 | AL2: February
A3: BID FORM (First Envelope) | AE3: 3 | AF3: three | AG3: 3 | AH3: rd | AK3: 3 | AL3: March
AE4: 4 | AF4: four | AG4: 4 | AH4: th | AK4: 4 | AL4: April
A5: Bid Proposal Ref. No. | AE5: 5 | AF5: five | AG5: 5 | AH5: th | AK5: 5 | AL5: May
A6: Date : | B6: ='Attach 3(JV)'!B24 | AE6: 6 | AF6: six | AG6: 6 | AH6: th | AI6: =DAY(B6) -> #VALUE! | AK6: 6 | AL6: June
AE7: 7 | AF7: seven | AG7: 7 | AH7: th | AI7: =MONTH(B6) -> #VALUE! | AK7: 7 | AL7: July
A8: ='Attach 3(JV)'!E7 -> To: | AE8: 8 | AF8: eight | AG8: 8 | AH8: th | AI8: =LOOKUP(AI7,AK1:AK12,AL1:AL12) -> #VALUE! | AK8: 8 | AL8: August
A9: ='Attach 3(JV)'!E8 -> Corporate Materials Management | AE9: 9 | AF9: nine | AG9: 9 | AH9: th | AI9: =YEAR(B6) -> #VALUE! | AK9: 9 | AL9: September
A10: ='Attach 3(JV)'!E9 -> Power Grid Corporation of India Ltd., | AE10: 10 | AF10: ten | AG10: 10 | AH10: th | AK10: 10 | AL10: October
A11: Southern Region Transmission System-II | AE11: 11 | AF11: eleven | AG11: 11 | AH11: th | AK11: 11 | AL11: November
A12: No: 62, 3rd Cross, Industrial Suburb | AE12: 12 | AF12: twelve | AG12: 12 | AH12: th | AK12: 12 | AL12: December
A13: MEI road, Yeshavanthapur, Bangalore -22 | AE13: 13 | AF13: thirteen | AG13: 13 | AH13: th
AE14: 14 | AF14: fourteen | AG14: 14 | AH14: th
A15: Name of Contract : | C15: ='Attach 3(JV)'!A3 -> EMPANELMENT OF TRANSPORT AGENCIES FOR DAY-TO-DAY HIRING OF VEHICLES AT CORPORATE CENTRE, GURGAON | AE15: 15 | AF15: fifteen | AG15: 15 | AH15: th
A16: Dear Ladies and/or Gentlemen, | G16: Enter details here. | AE16: 16 | AF16: sixteen | AG16: 16 | AH16: th
A17: 1 | B17: ="Having examined the Bidding Documents, including Amendment Nos. "&G17&" dated "&TEXT(H17,"dd/mm/yyyy")&AB17 -> Having examined the Bidding Documents, including Amendment Nos. .. [Enter Amendment No.].. .. dated ...[Enter Amendment Date]… the receipt of which is hereby acknowledged, we the undersigned, offer to design, manufacture, test, deliver, install and commission (including carrying out Trial operation, Performance & Guarantee Test as per the provision of Technical Specification) the Facilities under the above-named package in full conformity with the said Bidding Documents. In accordance with ITB Clause 9.1 of the Bidding Documents, as per which the bid shall be submitted by the bidder under “Single Stage - Two Envelope” procedure of bidding. Accordingly, we hereby submit our Bid, in two envelopes i.e. First Envelope – Techno – Commercial Part & Second Envelope - Price Part (to be opened subsequently). | G17: .. [Enter Amendment No.].. .. | H17: ...[Enter Amendment Date]… | AB17: the receipt of which is hereby acknowledged, we the undersigned, offer to design, manufacture, test, deliver, install and commission (including carrying out Trial operation, Performance & Guarantee Test as per the provision of Technical Specification) the Facilities under the above-named package in full conformity with the said Bidding Documents. In accordance with ITB Clause 9.1 of the Bidding Documents, as per which the bid shall be submitted by the bidder under “Single Stage - Two Envelope” procedure of bidding. Accordingly, we hereby submit our Bid, in two envelopes i.e. First Envelope – Techno – Commercial Part & Second Envelope - Price Part (to be opened subsequently). | AE17: 17 | AF17: seventeen | AG17: 17 | AH17: th
A18: 2 | B18: Attachments to the Bid Form (First Envelope) | AC18: Bank Draft | AE18: 18 | AF18: eighteen | AG18: 18 | AH18: th
B19: In line with the requirement of the Bidding Documents, we enclose herewith the following Attachments: | G19: Enter details here. | AC19: Pay Order | AE19: 19 | AF19: nineteen | AG19: 19 | AH19: th
B20: ="(a) Attachment 1("&Basic!$B$2&") :" -> (a) Attachment 1(5002005726) : | D20: ="Bid Security, in a separate envelope, in the form of "&G20&" for a sum of "&H20&" "&I20&" ("&'N to W'!A4&") "&" initially valid for a period of "&AD20&" "&AD21&" months from the date set for opening of bids." -> Bid Security, in a separate envelope, in the form of Bank Guarantee for a sum of …(Name of Currency).. (Rs. Zero Only ) initially valid for a period of Zero (0) months from the date set for opening of bids. | G20: Bank Guarantee | H20: …(Name of Currency).. | AC20: Banks certified Cheque | AD20: =IF(ISERROR(LOOKUP(J20,AE1:AE20,AF1:AF20)),"Zero",LOOKUP(J20,AE1:AE20,AF1:AF20)) -> Zero | AE20: 20 | AF20: twenty | AG20: 20 | AH20: th
B21: ="(b) Attachment 2("&Basic!$B$2&") :" -> (b) Attachment 2(5002005726) : | D21: A power of attorney duly authorized by a Notary Public indicating that the person(s) signing the bid have the authority to sign the bid and thus that the bid is binding upon us during the full period of its validity in accordance with the ITB Clause 14. | G21: =IF(J20<7,"Please note that if bid validity is less than 07 (seven) months, your bid may be rejected","") -> Please note that if bid validity is less than 07 (seven) months, your bid may be rejected | AC21: Bank Guarantee | AD21: =IF(J20>9,"("&J20&")","(0"&J20&")") -> (0) | AG21: 21 | AH21: st
B22: ="(c) Attachment 3("&Basic!$B$2&") :" -> (c) Attachment 3(5002005726) : | D22: The documentary evidence that we are eligible to bid in accordance with ITB Clause 2. Further, in terms of ITB Clause 9.3(c) & (e), the qualification data has been furnished as per your format enclosed with the bidding documents Attachment-3(QR). | AG22: 22 | AH22: th
H23: =#REF! -> #REF! | AC23: Applicable | AG23: 23 | AH23: th
G24: =#REF! -> #REF! | AC24: Not Applicable | AG24: 24 | AH24: th
B25: ="(d) Attachment 4("&Basic!$B$2&") :" -> (d) Attachment 4(5002005726) : | D25: The documentary evidence establishing in accordance with ITB Clause 3, Vol.-I of the Bidding Documents that the facilities offered by us are eligible facilities and conform to the Bidding Documents has been furnished as Attachment 4. | AG25: 25 | AH25: th
B26: ="(e) Attachment 5("&Basic!$B$2&") :" -> (e) Attachment 5(5002005726) : | D26: The details of all major items of services or supply which we propose subletting in case of award, giving details of the name and nationality of the proposed subcontractor/sub-vendor for each item. | AG26: 26 | AH26: th
B27: ="(f) Attachment 6("&Basic!$B$2&") :" -> (f) Attachment 6(5002005726) : | D27: The variation and deviations from the requirements of the Conditions of Contract, Technical Specification and Drawings (excluding critical provisions as mentioned at clause 6.0 below) in your format enclosed with the Bidding Documents, including, inter alia, the cost of withdrawal of the variations and deviations indicated therein. | AG27: 27 | AH27: th
B28: ="(g) Attachment 7("&Basic!$B$2&") :" -> (g) Attachment 7(5002005726) : | D28: The details of Alternative Bids made by us indicating the complete Technical Specifications and the deviation to contractual and commercial conditions. [NOT APPLICABLE] | AG28: 28 | AH28: th
B29: ="(h) Attachment 8("&Basic!$B$2&") :" -> (h) Attachment 8(5002005726) : | D29: Manufacturer’s Authorisation Forms. | AG29: 29 | AH29: th
B30: ="(i) Attachment 9("&Basic!$B$2&") :" -> (i) Attachment 9(5002005726) : | D30: Work Completion Schedule. | AG30: 30 | AH30: th
B31: ="(j) Attachment 10("&Basic!$B$2&"):" -> (j) Attachment 10(5002005726): | D31: Guarantee Declaration. | AG31: 31 | AH31: st
B32: ="(k) Attachment 11("&Basic!$B$2&"):" -> (k) Attachment 11(5002005726): | D32: Information regarding ex-employees of Purchaser in our firm.
B33: ="(l) Attachment 12("&Basic!$B$2&"):" -> (l) Attachment 12(5002005726): | D33: Filled up information regarding Price Adjustment Data as per the format enclosed in the bidding documents.[NOT APPLICABLE]
B34: ="(m) Attachment 13("&Basic!$B$2&"):" -> (m) Attachment 13(5002005726): | D34: Declaration regarding Social Accountability.
B35: ="(n) Attachment 14("&Basic!$B$2&"):" -> (n) Attachment 14(5002005726): | D35: Integrity Pact, in a separate envelope, duly signed on each page by the person signing the bid.[NOT APPLICABLE]
B36: ="(o) Attachment 15("&Basic!$B$2&"):" -> (o) Attachment 15(5002005726): | D36: Information for E-payment, PF Details & declaration regarding Micro/Small & Medium Enterprises.
B37: ="(p) Attachment 16("&Basic!$B$2&"):" -> (p) Attachment 16(5002005726): | D37: Additional Information.
B38: ="(q) Attachment 17("&Basic!$B$2&"):" -> (q) Attachment 17(5002005726): | D38: Declaration.
A39: 3 | B39: We are aware that, in line with Clause No. 27.1 (ITB), our Second Envelope (Price Part) is liable to be rejected in case the same contains any deviation/omission from the contractual and commercial conditions and technical Specifications other than those identified in this First Envelope.
A40: 3.1 | B40: We are aware that the Price Schedules do not generally give a full description of the Work to be performed under each item and we shall be deemed to have read the Technical Specifications and other sections of the Bidding Documents and Drawings to ascertain the full scope of Work included in each item while filling-in the rates and prices in Second Envelope.
A41: 3.2 | B41: We declare that as specified in Clause 11.5, Section –II: ITB, Vol.-I of the Bidding Documents, prices quoted by us in the Price Schedules in Second Envelope shall be subject to Price Adjustment during the execution of Contract in accordance with Appendix-2 (Price Adjustment) to the Contract Agreement.
A42: 4 | B42: We confirm that except as otherwise specifically provided our Bid Prices in Second Envelope include all taxes, duties, levies and charges as may be assessed on us, our Sub-Contractor/Sub-Vendor or their employees by all municipal, state or national government authorities in connection with the Goods, in and outside of India.
A43: 4.1 | B43: 100% of applicable Taxes and Duties, which are payable by the Purchaser under the Contract, shall be reimbursed by the Purchaser after despatch of goods on production of satisfactory documentary evidence by the Supplier in accordance with the provisions of the Bidding Documents.
A44: 4.2 | B44: We further understand that notwithstanding 4.0 above, in case of award on us, you shall also bear and pay/reimburse to us, Excise Duty, Sales Tax/VAT (but not the surcharge in lieu of Sales Tax/VAT), local tax and other levies in respect of direct transaction between you and us, imposed on the Goods specified in Schedule No. 1 of the Price Schedule in Second Envelope, to be incorporated into the Facilities; by the Indian Laws.
A45: 4.3 | B45: We also understand that, in case of award on us, you shall reimburse to us octroi/entry tax as applicable for destination site/state on all items of supply. Further, Service Tax, if applicable, for the services to be rendered by us, the same is included in our bid price in Second Envelope.
A46: 4.4 | B46: We confirm that we shall also get registered with the concerned Sales Tax Authorities, in all the states where the project is located.
A47: 5 | B47: Construction of the Contract
A48: 5.1 | B48: We declare that we have studied clause GCC 2.1 relating to mode of contracting for Domestic Bidders and we are making this proposal with a stipulation that you shall award us the Contracts covering all goods and related services.
A49: 6 | B49: We have read the provisions of following clauses and confirm that the specified stipulations of these clauses are acceptable to us:
B50: (a) | C50: ITB 13 | E50: Bid Security
B51: (b) | C51: GCC 2.14 | E51: Governing Law
B52: (c) | C52: GCC 8 | E52: Terms of Payment
B53: (d) | C53: GCC 9.3 | E53: Performance Security
B54: (e) | C54: GCC 10 | E54: Taxes and Duties
B55: (f) | C55: GCC 21.2 | E55: Completion Time Guarantee
B56: (g) | C56: GCC 22 | E56: Defect Liability
B57: (h) | C57: GCC 24 | E57: Patent Indemnity
B58: (j) | C58: GCC 25 | E58: Limitation of Liability
B59: (k) | C59: GCC 35 | E59: Settlement of Disputes
B60: (l) | C60: GCC 36 | E60: Arbitration
B61: (m) | C61: Appendix 2 to Form of Contract Agreement | E61: Price Adjustment
B62: Further we understand that deviation taken in any of the above clauses by us may make our bid non-responsive as per provision of bidding documents and be rejected by you.
A63: 7 | B63: We undertake, if our bid is accepted, to commence the work immediately upon your Notification of Award to us, and to achieve the delivery of goods and related services within the time stated in the Bidding Documents.
A64: 8 | B64: If our bid is accepted, we undertake to provide an Advance Payment Security and Performance Security(ies) in the form and amounts, and within the times specified in the Bidding Documents.
A65: 9 | B65: We agree to abide by this bid for a period of six (06) months from the date fixed for opening of bids as stipulated in the Bidding Documents, and it shall remain binding upon us and may be accepted by you at any time before the expiration of that period
A66: 10 | B66: Until a formal Contract is prepared and executed between us, this bid, together with your written acceptance thereof in the form of your Notification of Award shall constitute a binding contract between us.
A67: 11 | B67: We understand that you are not bound to accept the lowest or any bid you may receive.
A68: 12 | B68: Commissions or gratuities, if any, paid or to be paid by us to agents relating to this Bid, and to contract execution, if we are awarded the contract, are listed below:
B69: Name and address of agent | D69: Amount and Currency | F69: Purpose of Commission or gratuity
B73: (If none, state “none”)
A74: 13 | B74: We, hereby, declare that only the persons or firms interested in this proposal as principals are named here and that no other persons or firms other than those mentioned herein have any interest in this proposal or in the Contract to be entered into, if the award is made on us, that this proposal is made without any connection with any other person, firm or party likewise submitting a proposal is in all respects for and in good faith, without collusion or fraud.
B75: =IF(ISERROR("Dated this "&AI6&LOOKUP(AI6,AG1:AG31,AH1:AH31)&" day of "&AI8&" "&AI9),"","Dated this "&AI6&LOOKUP(AI6,AG1:AG31,AH1:AH31)&" day of "&AI8&" "&AI9)
B76: Thanking you, we remain,
F78: Yours faithfully,
F79: ="For and on behalf of "&'Attach 3(JV)'!B9 -> For and on behalf of
A81: Date : | C81: ='Attach 3(JV)'!B24 | D81: Printed Name : | E81: ='Attach 3(JV)'!E24
A82: Place : | C82: ='Attach 3(JV)'!B25 | D82: Designation : | E82: ='Attach 3(JV)'!E25
A85: Please provide additional information of the Bidder
A86: Business Address :
A89: Country of Incorporation :
A90: State/Province to be indicated :
A91: Name of Principal Officer :
A92: Address of Principal Officer :
A96: ="Note: Bidders may note that no prescribed proforma has been enclosed for Attachment 2 ("&Basic!B2&") : Power of Attorney. Bidders may use their own proforma for furnishing the required information with the bid." -> Note: Bidders may note that no prescribed proforma has been enclosed for Attachment 2 (5002005726) : Power of Attorney. Bidders may use their own proforma for furnishing the required information with the bid.

Sheet e-Form
Z1: ='Attach 3(JV)'!Z1 -> #REF!
Z2: ='Attach 3(JV)'!Z2 -> #REF!
A14: ElectronicForms™
A15: View - Template of ElectronicForm™
A19: To close this Screen, click on the [Close] button located on the bar above, or at the bottom of the Screen
A21: Template of ElectronicForm™
B23: Relevant Bid-Part | F23: Techical
B24: ElectronicForm™ Template ID | F24: 7PG-2010-FT000010
B25: Template Reference | F25: TECHNO-COMMERICIAL (First Envelope)
B26: Template Description | F26: ="Tower Package "&Basic!B2&" "&Basic!A3&" "&Basic!B3 -> Tower Package 5002005726 Specification No. : CC/NT/S-VHCLE/DOM/A17/26/13660
A28: Section-1
A30: =Basic!B1 -> EMPANELMENT OF TRANSPORT AGENCIES FOR DAY-TO-DAY HIRING OF VEHICLES AT CORPORATE CENTRE, GURGAON
B31: Bidders's Name | G31: =IF(#REF!="Sole Bidder",'Attach 3(JV)'!B9,'Attach 3(JV)'!A8) -> #REF!
A34: Section-2 (Outline of Requirements)
A37: * | B37: 1 | C37: Integrity Pact Details | M37: =IF(K38="No","If you do not submit Itegrity Pact properly, your bid will be rejectect","")
C38: Submitted (Doc. Code No. DC-9008-April-2009-Rev-0) | K38: Yes
A39: * | B39: 2 | C39: BID SECURITY DETAILS | M39: =IF(K40="No","If you do not submit Bid Security properly, your bid will be rejectect","")
C40: 2 (a) Submitted | K40: Yes
A41: * | C41: 2 (b) Bid Security No.
A42: * | C42: 2 (c) Issued by (Name of Bank)
A43: * | C43: 2 (d) Bid Security Amount | J43: ='Bid Form 1st Envelope'!H20 -> …(Name of Currency).. | K43: ='Bid Form 1st Envelope'!I20 -> 0
A44: * | C44: 2 (e) Valid upto
A46: Section-3
A48: * | C48: 1. AUTHORIZED SIGNATORY (Sole Bidder / Lead Partner of JV)
C49: 1 (a) Name | K49: ='Attach 3(JV)'!E24
C50: 1 (b) Designation | K50: ='Attach 3(JV)'!E25
C51: 1 (c) Address
C52: ='Attach 3(JV)'!B10
C53: ='Attach 3(JV)'!B11
C54: ='Attach 3(JV)'!B12
C55: 2. AUTHORIZED SIGNATORY (Other Partner of JV)
C56: (If Bidder is JV)
C57: 2 (a) Name | K57: ='Attach 3(JV)'!B17&" / "&'Attach 3(JV)'!E17 -> #REF!
C58: 2 (b) Designation | K58: =IF(Z1="Sole Bidder","",IF(Z2=1,#REF!,#REF!&" / "&#REF!)) -> #REF!
C59: 2 (c) Address
C60: ='Attach 3(JV)'!B18 -> #REF! | I60: =IF($Z$2=2," / ","") -> #REF! | J60: ='Attach 3(JV)'!E18 -> #REF!
C61: ='Attach 3(JV)'!B19 -> #REF! | I61: =IF($Z$2=2," / ","") -> #REF! | J61: ='Attach 3(JV)'!E19 -> #REF!
C62: ='Attach 3(JV)'!B20 -> #REF! | I62: =IF($Z$2=2," / ","") -> #REF! | J62: ='Attach 3(JV)'!E20 -> #REF!

Sheet N to W
A1: ='Bid Form 1st Envelope'!I20 -> 0
A4: =IF(OR((A1>9999999999),(A1<0)),"Invalid Entry - More than 1000 crore OR -ve value",IF(A1=0,"Rs. Zero Only ",+CONCATENATE("Rs. ",B11,D11,B10,D10,B9,D9,B8,D8,B7,D7,B6," Only"))) -> Rs. Zero Only
A6: =-INT(A1/100)*100+ROUND(A1,0) -> 0 | B6: =IF(A6=0,"",LOOKUP(A6,$A$13:$A$112,$B$13:$B$112))
A7: =-INT(A1/1000)*10+INT(A1/100) -> 0 | B7: =IF(A7=0,"",LOOKUP(A7,$A$13:$A$112,$B$13:$B$112)) | D7: =+IF(B7="",""," Hundred ")
A8: =-INT(A1/100000)*100+INT(A1/1000) -> 0 | B8: =IF(A8=0,"",LOOKUP(A8,$A$13:$A$112,$B$13:$B$112)) | D8: =IF((B8=""),IF(C8="",""," Thousand ")," Thousand ")
A9: =-INT(A1/10000000)*100+INT(A1/100000) -> 0 | B9: =IF(A9=0,"",LOOKUP(A9,$A$13:$A$112,$B$13:$B$112)) | D9: =IF((B9=""),IF(C9="",""," Lac ")," Lac ")
A10: =-INT(A1/1000000000)*100+INT(A1/10000000) -> 0 | B10: =IF(A10=0,"",LOOKUP(A10,$A$13:$A$112,$B$13:$B$112)) | D10: =IF((B10=""),IF(C10="",""," Crore ")," Crore ")
A11: =-INT(A1/10000000000)*1000+INT(A1/1000000000) -> 0 | B11: =IF(A11=0,"",LOOKUP(A11,$A$13:$A$112,$B$13:$B$112)) | D11: =IF((B11=""),IF(C11="",""," Hundred ")," Hundred ")
A13: 1 | B13: One
A14: 2 | B14: Two
A15: 3 | B15: Three
A16: 4 | B16: Four
A17: 5 | B17: Five
A18: 6 | B18: Six
A19: 7 | B19: Seven
A20: 8 | B20: Eight
A21: 9 | B21: Nine
A22: 10 | B22: Ten
A23: 11 | B23: Eleven
A24: 12 | B24: Twelve
... A112: 100 | B112: One Hundred

Sheet Attach 15(b)
A1: ='Attach 3(JV)'!A1 -> Specification No. :CC/NT/S-VHCLE/DOM/A17/26/13660 | E1: ="Attachment-15 "&'Attach 3(JV)'!AT1 -> Attachment-15 5002005726
A3: ='Attach 3(JV)'!A3 -> EMPANELMENT OF TRANSPORT AGENCIES FOR DAY-TO-DAY HIRING OF VEHICLES AT CORPORATE CENTRE, GURGAON
A5: GENERAL INFORMATION
A7: ='Attach 3(JV)'!A7 -> Bidder’s Name and Address (Lead Partner) : | E7: ='Attach 3(JV)'!E7 -> To:
A8: ='Attach 3(JV)'!A8 | E8: ='Attach 3(JV)'!E8 -> Corporate Materials Management
A9: Name : | B9: ='Attach 3(JV)'!B9 | E9: ='Attach 3(JV)'!E9 -> Power Grid Corporation of India Ltd.,
A10: Address : | B10: ='Attach 3(JV)'!B10 | E10: ='Attach 3(JV)'!E10 -> "Saudamini", Plot No. 2, Sector 29
B11: ='Attach 3(JV)'!B11 | E11: ='Attach 3(JV)'!E11 -> Gurgaon (Haryana) - 122001
B12: ='Attach 3(JV)'!B12
A14: Dear Sir,
A16: In support of the Qualification Requirements (QR) for bidders, as stipulated in Instruction of the Bidder, Section-I (Qualifying Requirement) of the Bidding Document, we furnish herewith our QR data/details/documents etc., along with other information, as follows (The QR stipulations have been reproduced in italics for ready reference, however, in case of any discrepancy the QR as given in Section-I shall prevail).
B17: ( The bidder should support their claim by enclosing the copies of relevant LOAs/documents & their successful execution for Mega Policy before the date of opening of bid)
B18: Minimum Average Annual Premium collected by the Bidder during the last three financial years shall not be less than Rs.400 Crores
B19: Financial year | C19: Annual Gross Premium in Rs. Crores
B20: 2012-13
B21: 2013-14
B22: 2014-15
B23: Minimum Average Annual Premium collected in respect of Fire & Engineering policies during the last three financial years shall not be less than Rs.100 Crores.
B24: Financial year | C24: Annual Gross Premium in Rs. Crores (Fire & Engineering Policies)
B25: 2012-13
B26: 2013-14
B27: 2014-15
B28: The net worth of the bidder on the closing day of last three financial years should be positive
B29: Financial year
B30: Net worth positive (Yes/ No.) | C30: Yes
B31: 2012-13
B32: 2013-14
B33: 2014-15
B34: Weather bidder have enclosed the complete annual reports together with audited statement of accounts of the company for last three consecutive years of its own (separate) immediately preceding the date of submission of bid. | C34: No

Sheet E-Payment Details
A2: ="ENQUIRY NO.: "&Basic!$B$3 -> ENQUIRY NO.: CC/NT/S-VHCLE/DOM/A17/26/13660 | C2: ="E-Payment Details" -> E-Payment Details
A6: Furnishing of Information for Electronic Payment
A10: Name of Sole Bidder [Individual Firm] | B10: …….. …… ………. ……….
A11: Address of Registered Office | B11: …….. …… ………. ……….
B12: …….. …… ………. ……….
B13: …….. …… ………. ……….
A14: Permanent Account No. | B14: …….. …… ………. ……….
A15: GSTIN No. | B15: …….. …… ………. ……….
B16: …….. …… ………. ……….
A19: Address with Pin Code & State | B19: …….. …… ………. ……….
B20: …….. …… ………. ……….
B21: …….. …… ………. ……….
A22: Telephone No.& Mob. No. | B22: …….. …… ………. ……….
A23: E-Mail | B23: …….. …… ………. ……….
A24: Contact Person | B24: …….. …… ………. ……….
A25: Bank Details for Electronic Payments
A26: Name of the Bank | B26: …….. …… ………. ……….
A27: Branch Address | B27: …….. …… ………. ……….
B28: …….. …… ………. ……….
B29: …….. …… ………. ……….
A30: Account No. | B30: ……………………………….
A31: Type of Account(Saving/Current) | B31: ………………………………..
A32: 9 Digit MICR Code | B32: ……………………………….
A33: IFSC/NEFT/EFT Code | B33: ………………………………..
A34: Sample Cancelled cheque to be enclosed.
A35: Date
A36: Place

Sheet Ex-employees details
A1: ='Check List'!$A$1 -> ENQUIRY NO.: CC/NT/S-VHCLE/DOM/A17/26/13660
A3: =Basic!$B$1 -> EMPANELMENT OF TRANSPORT AGENCIES FOR DAY-TO-DAY HIRING OF VEHICLES AT CORPORATE CENTRE, GURGAON
A4: Information regarding Ex-Employees of POWERGRID
A6: ='Attach 3(JV)'!A7 -> Bidder’s Name and Address (Lead Partner) : | E6: ='Attach 3(JV)'!E7 -> To:
A7: ='Attach 3(JV)'!A8 | E7: ='Attach 3(JV)'!E8 -> Corporate Materials Management
A8: Name : | B8: ='Attach 3(JV)'!B9 | E8: ='Attach 3(JV)'!E9 -> Power Grid Corporation of India Ltd.,
A9: Address : | B9: ='Attach 3(JV)'!B10 | E9: ='Attach 3(JV)'!E10 -> "Saudamini", Plot No. 2, Sector 29
B10: ='Attach 3(JV)'!B11 | E10: ='Attach 3(JV)'!E11 -> Gurgaon (Haryana) - 122001
B11: ='Attach 3(JV)'!B12
A12: Dear Sir,
A14: We hereby furnish the details of ex-employees of POWERGRID who had retired/resigned at the level of General Manager and above from POWERGRID and subsequently have been employed by us.
A16: S.No. | B16: Name of the Person with designation in POWERGRID | C16: Date of Retirement/ resignation from POWERGRID | D16: Date of Joining
A17: 1
A18: 2
A19: 3
A20: 4
A21: 5
E22: ='Attach 3(JV)'!E24
A23: Date : | C23: Printed Name :
A24: Place : | C24: Designation :

Sheet Social Accountablity 
A1: ='Check List'!$A$1 -> ENQUIRY NO.: CC/NT/S-VHCLE/DOM/A17/26/13660
A3: =Basic!$B$1 -> EMPANELMENT OF TRANSPORT AGENCIES FOR DAY-TO-DAY HIRING OF VEHICLES AT CORPORATE CENTRE, GURGAON
A4: Declaration regarding Social Accountability
A6: ='Attach 3(JV)'!A7 -> Bidder’s Name and Address (Lead Partner) : | E6: ='Attach 3(JV)'!E7 -> To:
A7: ='Attach 3(JV)'!A8 | E7: ='Attach 3(JV)'!E8 -> Corporate Materials Management
A8: Name : | B8: ='Attach 3(JV)'!B9 | E8: ='Attach 3(JV)'!E9 -> Power Grid Corporation of India Ltd.,
A9: Address : | B9: ='Attach 3(JV)'!B10 | E9: ='Attach 3(JV)'!E10 -> "Saudamini", Plot No. 2, Sector 29
E10: ='Attach 3(JV)'!E11 -> Gurgaon (Haryana) - 122001
A12: Dear Sir,
A14: We confirm that we stand committed to comply to all requirements of Social Accountability Standards i.e. SA8000 (latest Standard available at www.sa-intl.org) and maintain the necessary records.
A18: Date : | C18: Printed Name :
A19: Place : | C19: Designation :
